 Dungeon Crawl Stone Soup version 0.30-a0-381-g6ea064c7b4 (webtiles) character file.

Game seed: 6232481236877453552

892 p00ps00p the Trooper (level 8, -4/71 HPs)
             Began as a Hill Orc Fighter on Dec 2, 2022.
             Slain by Menkaure (12 damage)
             ... on level 5 of the Dungeon.
             The game lasted 00:06:43 (4341 turns).

p00ps00p the Trooper (Hill Orc Fighter)             Turns: 4341, Time: 00:06:43

Health: -4/71      AC: 14    Str: 21    XL:     8   Next: 6%
Magic:  17/17      EV:  9    Int: 14    God:
Gold:   212        SH:  5    Dex: 10    Spells: 7/7 levels left

rFire   . . .      SeeInvis .    t - +7 hammer "Ramomiqa" {vamp, *Slow rElec MP+9 Int+6}
rCold   . . .      Faith    .    c - +0 buckler
rNeg    . . .      Spirit   .    b - +0 scale mail
rPois   .          Reflect  .    j - +0 helmet
rElec   +          Harm     .    s - +0 cloak {rCorr}
rCorr   +          Rampage  .    (no gloves)
Will    .....                    (no boots)
Stlth   ..........               (no amulet)
HPRegen 0.31/turn                o - +4 ring of protection
MPRegen 0.15/turn                (no ring)

@: no status effects
A: no striking features
a: no special abilities


You were on level 5 of the Dungeon.
You visited 1 branch of the dungeon, and saw 5 of its levels.

You collected 212 gold pieces.

Inventory:

Hand Weapons
 a - a +0 war axe
 t - the +7 hammer "Ramomiqa" (weapon) {vamp, *Slow rElec MP+9 Int+6}
   (You found it on level 3 of the Dungeon)

   It occasionally heals its wielder for a portion of the damage dealt when it
   wounds a living foe.
   Int:       It affects your intelligence (+6).
   rElec:     It insulates you from electricity.
   MP:        It affects your magic capacity (+9).
   *Slow:     It may slow you when you take damage.
Missiles
 f - 2 curare-tipped darts (quivered)
Armour
 b - a +0 scale mail (worn)
 c - a +0 buckler (worn)
 i - a scarf of shadows
 j - a +0 helmet (worn)
 s - a +0 cloak of preservation (worn)
Jewellery
 g - a ring of resist corrosion
 o - a +4 ring of protection (left hand)
Wands
 d - a wand of light (9)
Scrolls
 h - a scroll of magic mapping
 l - a scroll of teleportation
 q - a scroll of fear {unknown}
Potions
 e - a potion of cancellation
 k - 2 potions of brilliance {unknown}
 m - 2 potions of degeneration
 n - a potion of magic
 p - a potion of flight {unknown}
 r - a potion of ambrosia {unknown}
 u - a potion of lignification {unknown}


   Skills:
 + Level 6.4 Fighting
 + Level 6.3 Axes
 + Level 5.8 Armour
 + Level 5.8 Shields


You had 7 spell levels left.
You didn't know any spells.
Your spell library contained the following spells:

 Spells                   Type           Power      Damage    Failure   Level
 Sting                    Tmut/Pois      0%         1d3       67%         1
 Poisonous Vapours        Pois/Air       0%         N/A       80%         2
 Olgreb's Toxic Radiance  Pois           0%         N/A       100%        4


Dungeon Overview and Level Annotations

Branches:
Dungeon (5/15)
 Temple: D:4-7

Altars:
Elyvilon

Annotations:
D:5 Menkaure


Message History

The necrophage is almost destroyed.
The adder barely misses you.
The necrophage hits you but does no damage.
Menkaure gestures at you while chanting.
You struggle to resist.
The adder barely misses you.
An orc wizard comes into view. It is wielding a +0 dagger.
The necrophage completely misses you.
The orc wizard shouts!
You sock the necrophage!
You destroy the necrophage!
Menkaure hits you! The adder bites you. Menkaure hits you.
You have reached level 8!
The adder bites you but does no damage.
Menkaure calls on the powers of darkness!
Your body is wracked with pain!
The adder convulses!
The orc convulses!
The orc wizard convulses! x2; The adder bites you but does no damage.
You hit Menkaure.
Menkaure is moderately damaged.
Menkaure hits you but does no damage. You block the adder's attack.
The orc hits you but does no damage.
The orc wizard mumbles some strange words.
The orc wizard flickers and vanishes!
Deactivating autopickup; reactivate with Ctrl-A.
The orc wizard casts a spell.
The orc wizard flickers and vanishes!
Menkaure hits you!
* * * LOW HITPOINT WARNING * * *
You hit Menkaure but do no damage.
Menkaure is moderately damaged.
The adder barely misses you. The orc hits you but does no damage.
Menkaure barely misses you. The adder barely misses you.
Unknown command.
You barely miss Menkaure.
Menkaure is moderately damaged.
Menkaure mumbles drily.
Menkaure hits you.
* * * LOW HITPOINT WARNING * * *
The orc hits you but does no damage. The adder barely misses you.
A magic dart appears from out of thin air!
The magic dart hits something.
Menkaure hits you!
You die...

#. ##.. .. #.####
... ... #####....#
..##.## .........#
.......
.........###
.......
...........##...#
....>..........#
.......†##..$#.#
........###S@M.#
.......<# ##..o...#
..(......# #.#..###
.................#
......(.##......<..
#########
..#.###... ..#.#
##. ..##.#


You could see Menkaure (fast), an adder and an orc.

Vanquished Creatures
  Pikel (D:4)
  An ogre (D:4)
  A necrophage (D:5)
  A hound (D:4)
  Crazy Yiuf (D:3)
  2 orc priests (D:4)
  Jessica (D:3)
  2 iguanas (D:5)
  Robin (D:3)
  3 adders
  3 worms
  A dart slug (D:3)
  3 orcs
  8 endoplasms
  3 giant cockroaches
  8 hobgoblins
  2 quokkas
  4 ball pythons
  9 bats
  4 frilled lizards
  14 goblins
  7 kobolds
  6 rats
86 creatures vanquished.

Vanquished Creatures (others)
  3 fungi (D:1)
  4 plants (D:1)
7 creatures vanquished.

Grand Total: 93 creatures vanquished

Notes
Turn   | Place    | Note
-------+----------+-------------------------------------------
     0 | D:1      | p00ps00p the Hill Orc Fighter began the quest for the Orb.
     0 | D:1      | Reached XP level 1. HP: 19/19 MP: 1/1
   239 | D:1      | Reached XP level 2. HP: 27/27 MP: 2/2
   564 | D:1      | Found a faded altar of an unknown god.
   701 | D:2      | Reached XP level 3. HP: 28/33 MP: 3/3
  1543 | D:3      | Reached XP level 4. HP: 13/40 MP: 4/4
  1684 | D:3      | Noticed Robin
  1699 | D:3      | Killed Robin
  2099 | D:3      | Found a runed translucent door.
  2100 | D:3      | Noticed Crazy Yiuf
  2226 | D:3      | Noticed Jessica
  2230 | D:3      | Killed Jessica
  2231 | D:3      | Reached XP level 5. HP: 47/47 MP: 5/5
  2265 | D:3      | Found a white marble altar of Elyvilon.
  2316 | D:3      | Killed Crazy Yiuf
  2332 | D:3      | Identified the +7 hammer "Ramomiqa" {vamp, *Slow rElec MP+9
                  | Int+6}
  2461 | D:4      | Reached skill level 5 in Fighting
  2732 | D:4      | Reached XP level 6. HP: 56/56 MP: 6/6
  2878 | D:4      | Reached skill level 5 in Axes
  3191 | D:4      | Identified the +0 scale mail of the Orb Guardian {Int+2}
  3290 | D:4      | Noticed Pikel
  3305 | D:4      | Killed Pikel
  3306 | D:4      | Reached skill level 5 in Armour
  3306 | D:4      | Reached skill level 5 in Shields
  3306 | D:4      | Reached XP level 7. HP: 12/63 MP: 7/7
  4314 | D:5      | Entered Level 5 of the Dungeon
  4330 | D:5      | Noticed Menkaure
  4338 | D:5      | Reached XP level 8. HP: 52/71 MP: 8/8
  4341 | D:5      | Slain by Menkaure

Illustrated notes

Levels and vault maps discovered:
D:1:      elethiomel_arrival_shortcut, layout_basic,
          shapermc_ecumenical_altar_mp_urbaneastern
D:2:      layout_loops_ring
D:3:      layout_rooms, nicolae_overflow_hidden_temple, minmay_puff,
          uniq_jessica, uniq_crazy_yiuf_cottage, uniq_robin
D:4:      layout_cave_pods, hangedman_abyss_or_decor_stagger,
          minmay_misc_feat_rows, chequers_serial_rivers_large_a, uniq_pikel
D:5:      layout_rooms, mainiacjoe_overflow_concentric_impassable, fountainhead,
          uniq_menkaure

Skill      XL: |  1  2  3  4  5  6 |
---------------+-------------------+-----
Axes           | 3 4 6 |  6.3
Fighting       | 4 5 6 |  6.4
Armour         | 4 5 |  5.8
Shields        | 4 5 |  5.8

Action                   |  1- 3 |  4- 6 |  7- 9 || total
-------------------------+-------+-------+-------++-------
Melee: War axe           |   141 |    51 |       ||   192
       Mace              |       |    42 |    19 ||    61
  Use: Scroll            |     7 |       |       ||     7
       Potion            |       |     3 |     1 ||     4
Armor: Scale mail        |    70 |    69 |    13 ||   152
Dodge: Dodged            |    60 |    64 |    14 ||   138
Block: Buckler           |    37 |    35 |     1 ||    73

Table legend: (Time is in decaauts)
 A = Elapsed time spent in this place.
 B = Non-inter-level travel time spent in this place.
 C = Inter-level travel time spent in this place.
 D = Time resting spent in this place.
 E = Time spent auto-exploring this place.
 F = Levels seen in this place.
 G = Mean time per level.
                   A        B        C        D        E       F      G
               +--------+--------+--------+--------+--------+-----+--------+
         Total |   4425 |   4278 |    147 |   1067 |   2432 |   5 |  885.0 |
       Dungeon |   4425 |   4278 |    147 |   1067 |   2432 |   5 |  885.0 |
               +--------+--------+--------+--------+--------+-----+--------+

Top non-repeatable levels by time:
     D:4: 1891 daAuts
     D:3: 1013 daAuts
     D:2: 838 daAuts
     D:1: 651 daAuts
     D:5: 31 daAuts
